 Dungeon Crawl Stone Soup version 0.26-a0-639-g72c4674329 (webtiles) character file.

Game seed: 2846711125006031576

11881 Flugslaktarn the Fighter (level 11, -1/104 HPs)
             Began as a Minotaur Fighter on Sept 18, 2020.
             Was an Elder of Makhleb.
             Slain by a meliai
             ... wielding a +0 war axe
              (3 damage)
             ... on level 13 of the Dungeon.
             The game lasted 00:05:33 (10669 turns).

Flugslaktarn the Fighter (Minotaur Fighter)        Turns: 10669, Time: 00:05:33

Health: -1/104     AC: 20    Str: 30      XL:     11   Next: 55%
Magic:  14/14      EV:  6    Int:  5      God:    Makhleb [****..]
Gold:   727        SH: 13    Dex:  9 (10) Spells: 10/10 levels left

rFire    . . .     SeeInvis .   J - +3 war axe (freeze)
rCold    . . .     Faith    .   c - +1 kite shield
rNeg     . . .     Spirit   .   a - +0 plate armour
rPois    +         Reflect  .   D - +0 hat
rElec    .         Harm     .   K - +0 cloak
rCorr    .         Rampage  .   g - +0 pair of gloves
MR       .....                  B - +2 pair of boots
Stlth    ..........             (no amulet)
HPRegen  0.27/turn              s - +6 ring of strength
MPRegen  0.14/turn              o - ring of poison resistance

@: no status effects
A: retaliatory headbutt, horns 2
a: Minor Destruction, Lesser Servant of Makhleb, Major Destruction, Renounce
Religion


You were on level 13 of the Dungeon.
You worshipped Makhleb.
Makhleb was greatly pleased with you.
You visited 2 branches of the dungeon, and saw 14 of its levels.

You collected 947 gold pieces.
You spent 220 gold pieces at shops.

Inventory:

Hand Weapons
 J - a +3 war axe of freezing (weapon)
   (You took it off a wight on level 10 of the Dungeon)
Missiles
 d - a throwing net (quivered)
Armour
 a - a +0 plate armour (worn)
   (You took it off an orc warrior on level 6 of the Dungeon)
 c - a +1 kite shield (worn)
 g - a +0 pair of gloves (worn)
   (You found it on level 6 of the Dungeon)
 B - a +2 pair of boots (worn)
   (You found it on level 7 of the Dungeon)
 D - a +0 hat (worn)
   (You found it on level 13 of the Dungeon)
 K - a +0 cloak (worn)
   (You found it on level 11 of the Dungeon)
Jewellery
 o - a ring of poison resistance (right hand)
   (You found it on level 9 of the Dungeon)
 s - a +6 ring of strength (left hand)
   (You took it off a gnoll on level 7 of the Dungeon)
Wands
 m - a wand of iceblast (13)
   (You found it on level 6 of the Dungeon)
 y - a wand of digging (6)
   (You found it on level 8 of the Dungeon)
 z - a wand of paralysis (7)
   (You took it off Harold on level 8 of the Dungeon)
 H - a wand of enslavement (15)
   (You found it on level 9 of the Dungeon)
Scrolls
 k - a scroll of noise {unknown}
 p - 3 scrolls of enchant weapon
 r - 2 scrolls of identify
 t - 5 scrolls of teleportation
 x - 4 scrolls of remove curse
Potions
 b - 3 potions of invisibility
 e - 2 potions of flight {unknown}
 f - 2 potions of lignification
 h - 2 potions of ambrosia
 i - 2 potions of cancellation
 j - 2 potions of mutation
 l - 2 potions of berserk rage
 n - a potion of resistance
 q - 7 potions of curing
 u - a potion of brilliance {unknown}
 w - 2 potions of heal wounds
 A - 2 potions of haste {unknown}
 G - a potion of magic
Miscellaneous
 F - a condenser vane (1/2)
   (You bought it in a shop on level 8 of the Dungeon)


   Skills:
 * Level 12.1 Fighting
 * Level 11.8 Axes
 + Level 9.1 Armour
 + Level 9.2 Shields
 + Level 6.1 Invocations
 + Level 2.8 Evocations


You had 10 spell levels left.
You didn't know any spells.
Your spell library was empty.

Dungeon Overview and Level Annotations

Branches:
Dungeon (13/15)            Temple (1/1) D:5            Lair (0/6) D:10
    Orc (0/2) D:10
 Vaults: D:13-14

Altars:
Ashenzari
Dithmenos
Fedhas
Gozag
Hepliaklqana
Kikubaaqudgha
Makhleb
Nemelex Xobeh
Okawaru
Qazlal
Ru
Sif Muna
Uskayaw
Vehumet
Wu Jian
Xom
Zin
The Shining One
Beogh

Shops:
D:4 *   D:7 !   D:8 }


Innate Abilities, Weirdness & Mutations

You reflexively headbutt those who attack you in melee.
You have a pair of horns on your head.


Message History

An ogre comes into view. It is wielding a -1 giant club.
You block the meliai's attack. x2
The meliai invokes the aid of its god against you.
Something smites you!
* * * LOW HITPOINT WARNING * * *
You are too injured to fight recklessly!
You are too injured to fight recklessly!
You are too injured to fight recklessly!
You are too injured to fight recklessly!
The meliai calls upon its god to heal the meliai.
The meliai is healed somewhat.
The meliai calls down the wrath of its god upon you.
Something smites you!
* * * LOW HITPOINT WARNING * * *
The meliai hits you but does no damage.
The meliai stings you but does no damage.
The meliai hits you with a +0 war axe!
* * * LOW HITPOINT WARNING * * *
The meliai stings you.
You die...

##.#...# #.#.........
##......##..##........
#........... #....##..
##..#...###.......####.
#...###...##.. #.
#....#.....# . ...
###..##...## ...
##.##yDJ.#... #..
#..@y...O... #.#
#...#.y..... #.
##.##....... ###
....... ....... .......
...#..# #######


You could see a four-headed hydra, an ogre, 3 meliai and a jelly.

Vanquished Creatures
  Harold (D:8)
  Erica (D:10)
  2 two-headed ogres
  2 deep elf magi
  Maggie (D:6)
  A komodo dragon (D:10)
  2 trolls
  A meliai zombie (D:12)
  Sigmund (D:5)
  An acid dragon (D:11)
  A soldier ant (D:12)
  14 orc warriors
  3 water moccasins
  3 sky beasts
  6 ice beasts
  2 phantoms
  6 ogres
  3 centaurs
  3 big kobolds
  7 bullfrogs
  3 scorpions
  A water moccasin skeleton (D:6)
  14 wights
  3 howler monkeys
  2 centaur zombies
  A bullfrog zombie (D:11)
  3 hounds
  3 centaur skeletons
  3 jellies
  A quasit (D:11)
  10 orc priests
  A bullfrog skeleton (D:13)
  5 iguanas
  11 orc wizards
  7 worker ants
  A hound skeleton (D:4)
  3 worker ant zombies
  10 gnolls
  2 howler monkey skeletons
  14 adders
  A white imp (D:5)
  2 ufetubi (D:5)
  An ooze (D:5)
  3 worms (D:4)
  An adder skeleton (D:7)
  2 dart slugs
  7 leopard geckos
  37 orcs
  5 giant cockroaches
  6 goblins
  6 hobgoblins (D:2)
  5 jackals (D:6)
  4 quokkas
  3 ball pythons
  A ball python skeleton (D:4)
  3 bats
  2 frilled lizards
  A jackal skeleton (D:6)
  A jackal zombie (D:6)
  15 kobolds
  A leopard gecko skeleton (D:5)
  2 quokka skeletons
  A quokka zombie (D:9)
  A rat (D:2)
270 creatures vanquished.

Vanquished Creatures (others)
  A fungus (D:6)
  26 plants (D:10)
  4 toadstools (D:6)
31 creatures vanquished.

Grand Total: 301 creatures vanquished

Notes
Turn   | Place    | Note
-------+----------+-------------------------------------------
     0 | D:1      | Flugslaktarn the Minotaur Fighter began the quest for the
                  | Orb.
     0 | D:1      | Reached XP level 1. HP: 19/19 MP: 0/0
   170 | D:1      | Reached XP level 2. HP: 27/27 MP: 1/1
   211 | D:2      | Reached skill level 4 in Fighting
   223 | D:2      | Reached XP level 3. HP: 13/33 MP: 2/2
   785 | D:4      | Reached XP level 4. HP: 41/41 MP: 3/3
  1127 | D:4      | Noticed a water moccasin
  1134 | D:4      | Killed a water moccasin
  1134 | D:4      | Reached skill level 5 in Fighting
  1134 | D:4      | Reached XP level 5. HP: 27/48 MP: 4/4
  1352 | D:4      | Found Edigas's Serpentskin Sales.
  1352 | D:4      | Noticed a water moccasin
  1359 | D:4      | Killed a water moccasin
  1359 | D:4      | Reached skill level 5 in Axes
  1359 | D:4      | Reached XP level 6. HP: 41/57 MP: 5/5
  1766 | D:5      | Entered Level 5 of the Dungeon
  1774 | D:5      | Reached skill level 6 in Fighting
  1776 | D:5      | Reached skill level 5 in Shields
  1780 | D:5      | Reached skill level 5 in Armour
  2144 | D:5      | Reached XP level 7. HP: 61/64 MP: 6/6
  2182 | D:5      | Found a staircase to the Ecumenical Temple.
  2218 | Temple   | Entered the Ecumenical Temple
  2338 | Temple   | Became a worshipper of Makhleb the Destroyer
  2366 | D:5      | Noticed Sigmund
  2376 | D:5      | Killed Sigmund
  2566 | D:5      | Reached skill level 1 in Invocations
  2720 | D:6      | Reached skill level 7 in Fighting
  2725 | D:6      | Reached XP level 8. HP: 48/73 MP: 6/8
  3556 | D:6      | Reached skill level 8 in Fighting
  4468 | D:6      | Found an ornate altar of the Wu Jian Council.
  4516 | D:6      | Noticed Maggie
  4533 | D:6      | Killed Maggie
  4533 | D:6      | Reached XP level 9. HP: 54/82 MP: 10/10
  4803 | D:6      | Reached * piety under Makhleb
  4901 | D:6      | Reached skill level 9 in Fighting
  5364 | D:7      | Reached ** piety under Makhleb
  5647 | D:7      | Found Utem's Distillery.
  5923 | D:7      | Found an iron altar of Okawaru.
  6121 | D:8      | Found a shadowy altar of Dithmenos.
  6291 | D:8      | Found Leizxor's Gadget Shoppe.
  6330 | D:8      | You fall into a shaft and drop 1 floor!
  6342 | D:9      | Found a radiant altar of Vehumet.
  6344 | D:9      | Found an ancient bone altar of Kikubaaqudgha.
  6362 | D:8      | Noticed a two-headed ogre
  6374 | D:8      | Killed a two-headed ogre
  6374 | D:8      | Reached skill level 10 in Fighting
  6374 | D:8      | Reached XP level 10. HP: 77/93 MP: 12/12
  6473 | D:8      | Reached skill level 10 in Axes
  6698 | D:8      | Noticed Harold
  6715 | D:8      | Killed Harold
  6828 | D:8      | Reached skill level 5 in Invocations
  6947 | D:8      | Reached *** piety under Makhleb
  7102 | D:8      | Found a glowing golden altar of the Shining One.
  7198 | D:8      | Bought a condenser vane (2/2) for 220 gold pieces
  7407 | D:9      | You fall into a shaft and drop 3 floors!
  7429 | D:12     | You fall into a shaft and drop 1 floor!
  7447 | D:13     | Reached skill level 11 in Fighting
  7450 | D:13     | Noticed a deep elf mage
  7453 | D:13     | Killed a deep elf mage
  7453 | D:13     | Reached skill level 1 in Evocations
  7537 | D:10     | Entered Level 10 of the Dungeon
  7737 | D:9      | Noticed a two-headed ogre
  7744 | D:9      | Killed a two-headed ogre
  7744 | D:9      | Reached XP level 11. HP: 70/102 MP: 14/14
  7961 | D:9      | Found an opulent altar of Gozag.
  8098 | D:9      | Found a shimmering blue altar of Sif Muna.
  8157 | D:9      | Found a hide-covered altar of Uskayaw.
  8157 | D:9      | Found a sparkling altar of Nemelex Xobeh.
  8565 | D:10     | Found a staircase to the Orcish Mines.
  8722 | D:10     | Noticed Erica
  8732 | D:10     | Killed Erica
  8782 | D:10     | Found a staircase to the Lair.
  9149 | D:11     | Reached **** piety under Makhleb
  9366 | D:11     | Found an ancient bone altar of Kikubaaqudgha.
 10142 | D:12     | Found a roughly hewn altar of Beogh.
 10171 | D:12     | Reached skill level 12 in Fighting
 10462 | D:12     | Noticed a deep elf mage
 10469 | D:12     | Killed a deep elf mage
 10664 | D:13     | Noticed a four-headed hydra
 10669 | D:13     | HP: 2/104 [meliai/+0 war axe (7)]
 10669 | D:13     | Slain by a meliai

Illustrated notes

Levels and vault maps discovered:
D:1:      minmay_arrival_checkered_box, layout_basic, minmay_tetromino_l2
D:2:      layout_rooms, lightli_temple_of_fire, elyvilon_altar_5,
          old_standard_altar, minmay_goblin_outpost
D:3:      layout_rooms, kennysheep_slug_shrine, chequers_serial_rivers_micro_d,
          uniq_crazy_yiuf_cottage
D:4:      layout_cave_pools, grunt_ministairs_9, guppyfry_shop_venom
D:5:      layout_basic, minmay_temple_entry_hall, uniq_sigmund
D:6:      layout_basic, overflow_temple_1_default, gup_sewer_entry_bowl,
          minmay_gold_behind_fungi, minmay_bent, uniq_maggie
D:7:      layout_basic, kennysheep_little_box, serial_shops, shop
D:8:      layout_basic, nicolae_dithmenos_through_a_glass_darkly,
          marbit_many_paths, serial_shops, shop, uniq_harold
D:9:      layout_stronghold, grunt_temple_overflow_magic_moments,
          gammafunk_temple_overflow_elements, grunt_gozag_statues
D:10:     layout_loops_ring, david_lair_shrubbed, orc_0_dummy, uniq_erica
D:11:     layout_small_grid, basic_altar, library_closet
D:12:     layout_rooms, special_room [special_room_orc]
D:13:     layout_cave_pools, minmay_shop_grid_forest
Temple:   nicolae_temple_figure_zero

Skill      XL: |  1  2  3  4  5  6  7  8  9 10 11 |
---------------+----------------------------------+-----
Fighting       | 4 5 6 7 8 10 11 12 | 12.1
Axes           | 3 4 5 6 8 9 11 | 11.8
Shields        | 4 5 6 7 8 9 |  9.2
Armour         | 4 5 6 7 8 9 |  9.1
Invocations    | 1 3 4 5 6 |  6.1
Evocations     | 1 2 |  2.8

Action                   |  1- 3 |  4- 6 |  7- 9 | 10-12 || total
-------------------------+-------+-------+-------+-------++-------
Melee: War axe           |    54 |    88 |   317 |   323 ||   782
       Headbutt          |     5 |     6 |    56 |    70 ||   137
Evoke: Condenser vane    |       |       |       |     1 ||     1
  Use: Potion            |       |     1 |     1 |       ||     2
       Scroll            |       |     3 |     9 |    11 ||    23
Armor: Scale mail        |    19 |    36 |       |       ||    55
       Chain mail        |       |     9 |    53 |       ||    62
       Plate armour      |       |       |    80 |   156 ||   236
Dodge: Dodged            |    19 |    21 |    65 |    50 ||   155
Block: Kite shield       |    39 |    48 |   170 |   158 ||   415

Table legend: (Time is in decaauts)
 A = Elapsed time spent in this place.
 B = Non-inter-level travel time spent in this place.
 C = Inter-level travel time spent in this place.
 D = Time resting spent in this place.
 E = Time spent auto-exploring this place.
 F = Levels seen in this place.
 G = Mean time per level.
                   A        B        C        D        E       F      G
               +--------+--------+--------+--------+--------+-----+--------+
         Total |  10775 |  10384 |    391 |   1117 |   7611 |  14 |  769.6 |
       Dungeon |  10645 |  10278 |    367 |   1117 |   7507 |  13 |  818.8 |
        Temple |    129 |    106 |     23 |      0 |    104 |   1 |  129.0 |
               +--------+--------+--------+--------+--------+-----+--------+

Top non-repeatable levels by time:
     D:6: 1697 daAuts
     D:5: 1480 daAuts
     D:4: 1151 daAuts
     D:8: 1101 daAuts
     D:7: 1085 daAuts
     D:9: 1043 daAuts
    D:11: 873 daAuts
    D:10: 771 daAuts
    D:12: 675 daAuts
     D:2: 334 daAuts
     D:1: 209 daAuts
  Temple: 129 daAuts
    D:13: 111 daAuts
     D:3: 110 daAuts
